 Dungeon Sprint DCSS version 0.20-a0-893-g832831a (webtiles) character file.

60 esc the Skirmisher (level 3, -1/36 HPs)
             Began as a Centaur Berserker on Mar 16, 2017.
             Was a Believer of Trog.
             Killed from afar by an oklob sapling priest (15 damage)
             ... with a splash of acid
             ... in the Dungeon (Sprint IV: "Fedhas' Mad Dash").
             The game lasted 00:01:31 (329 turns).

esc the Skirmisher (Centaur Berserker)               Turns: 329, Time: 00:01:32

Health: -1/36      AC:  0    Str: 20    XL:     3   Next: 82%
Magic:  2/3        EV: 10    Int:  6    God:    Trog [**....]
Gold:   40         SH:  0    Dex:  8    Spells: 2/2 levels left

rFire    . . .     SeeInvis .   a - +0 spear
rCold    . . .     Gourm    .   b - +0 animal skin
rNeg     . . .     Faith    .   (no shield)
rPois    .         Spirit   .   (no helmet)
rElec    .         Reflect  .   (no cloak)
rCorr    .         Harm     .   (no gloves)
MR       .....     NoTele   +   (no barding)
Stlth    +.........             k - amulet of invisibility {+Inv}
Regen    0.2/turn               (no ring)
MPRegen  0.1/turn               (no ring)

@: corroded, very slightly contaminated, very quick
A: hooves 3, deformed body, speed 2, tough skin 3
a: Berserk, Trog's Hand, Burn Spellbooks, Renounce Religion, Evoke Invisibility


You were in the Dungeon.
You worshipped Trog.
Trog was pleased with you.
You were not hungry.

You visited 1 branch You collected 40 gold pieces.

Inventory:

Hand Weapons
 a - a +0 spear (weapon)
Armour
 b - a +0 animal skin (worn)
Jewellery
 k - the amulet of invisibility (around neck) {+Inv}
   (You found it in the Dungeon)

   [amulet of nothing]

   It lets you turn invisible.
Scrolls
 i - a scroll of blinking {!r}
 j - a scroll of enchant armour {unknown}
Potions
 e - a potion of heal wounds
 f - a potion of haste
 g - 2 potions of magic
 h - a potion of berserk rage {!q}


   Skills:
 + Level 5.2 Fighting
 + Level 4.6 Polearms
 - Level 1.3 Armour
 + Level 3.5 Dodging


You had 2 spell levels left.
You didn't know any spells.

Dungeon Overview and Level Annotations

Branches:
Dungeon (1/1)

Altars:
Cheibriados
Dithmenos
Elyvilon
Gozag
Hepliaklqana
Kikubaaqudgha
Makhleb
Nemelex Xobeh
Okawaru
Qazlal
Ru
Sif Muna
Trog
Uskayaw
Vehumet
Wu Jian
Xom
Yredelemnul
Zin
The Shining One
Beogh
Jiyva
Lugonu

Annotations:
D exclusion: oklob sapling


Innate Abilities, Weirdness & Mutations

You have hooves in place of feet.
Armour fits poorly on your strangely shaped body.
You cover ground very quickly.
You have extremely tough skin. (AC +3)


Message History

You start waiting.
You feel yourself speed up.
You fade into invisibility!
You are very lightly contaminated with residual magic.
You feel quite a bit more hungry.
You now have 1/3 mp.
Really walk into a travel-excluded area?
There is an open door here.
Found three altars.
Found two altars.
Found three altars.
There is an opulent altar of Gozag here.
Found a corrupted altar of Lugonu and a radiant altar of Vehumet.
There is a hazy altar of Hepliaklqana here.
Attack whom?
Aim: an oklob sapling priest (hasn't noticed you)
You reach to attack!
You hit the oklob sapling priest but do no damage.
Attack whom?
Aim: an oklob sapling priest (hasn't noticed you)
You reach to attack!
You catch the helpless oklob sapling priest completely off-guard!
You hit the oklob sapling priest.
Attack whom?
Aim: an oklob sapling priest (lightly damaged, hasn't noticed you)
You reach to attack!
You hit the oklob sapling priest but do no damage.
Attack whom?
Aim: an oklob sapling priest (lightly damaged, hasn't noticed you)
You reach to attack!
You catch the helpless oklob sapling priest completely off-guard!
You hit the oklob sapling priest but do no damage.
Attack whom?
Aim: an oklob sapling priest (lightly damaged, hasn't noticed you)
You reach to attack!
You hit the oklob sapling priest but do no damage.
Attack whom?
Aim: an oklob sapling priest (lightly damaged, hasn't noticed you)
You reach to attack!
You hit the oklob sapling priest but do no damage.
You flicker for a moment.
Attack whom?
Aim: an oklob sapling priest (lightly damaged, hasn't noticed you)
You reach to attack!
You hit the oklob sapling priest.
You feel less exhausted.
Attack whom?
Aim: an oklob sapling priest (lightly damaged, hasn't noticed you)
You reach to attack!
You hit the oklob sapling priest but do no damage.
Attack whom?
Aim: an oklob sapling priest (lightly damaged, hasn't noticed you)
You reach to attack!
You hit the oklob sapling priest but do no damage.
Attack whom?
Aim: an oklob sapling priest (lightly damaged, hasn't noticed you)
You reach to attack!
You hit the oklob sapling priest.
Attack whom?
Aim: an oklob sapling priest (moderately damaged, hasn't noticed you)
You reach to attack!
You hit the oklob sapling priest.
Attack whom?
Aim: an oklob sapling priest (moderately damaged, hasn't noticed you)
You reach to attack!
You hit the oklob sapling priest.
Attack whom?
Aim: an oklob sapling priest (heavily damaged, hasn't noticed you)
You reach to attack!
You hit the oklob sapling priest but do no damage.
You flicker back into view.
Attack whom?
Aim: an oklob sapling priest (heavily damaged)
You reach to attack!
You hit the oklob sapling priest but do no damage.
The oklob sapling priest looks braver for a moment.
Attack whom?
Aim: an oklob sapling priest (heavily damaged)
You reach to attack!
You hit the oklob sapling priest but do no damage.
The oklob sapling priest casts a cantrip, but nothing happens.
Attack whom?
Aim: an oklob sapling priest (heavily damaged)
You reach to attack!
You hit the oklob sapling priest but do no damage.
Attack whom?
Aim: an oklob sapling priest (heavily damaged)
You reach to attack!
You hit the oklob sapling priest.
The oklob sapling priest spits acid at you.
The splash of acid hits you! The acid corrodes you!
You are splashed with acid!
The acid burns!
You take 22 damage, and have 14/36 hp.
MASSIVE DAMAGE!!
Attack whom?
Aim: an oklob sapling priest (severely damaged)
You reach to attack!
You hit the oklob sapling priest but do no damage.
Attack whom?
Aim: an oklob sapling priest (severely damaged)
You reach to attack!
You hit the oklob sapling priest but do no damage.
The oklob sapling priest spits acid at you.
The splash of acid hits you!
You die...

########################
.....#.....#.⌠._._._._.⌠
.)...'.#.[.'.._.@._._._.
.....#.#...#..._._P_._..
#########+##.._._._._._.
#._._._._._.⌠
#############


You could see an oklob sapling priest.

Vanquished Creatures
  An oklob sapling (D)
  A worker ant (D)
  A river rat (D)
  A rat (D)
4 creatures vanquished.

Notes
Turn   | Place    | Note
-------+----------+-------------------------------------------
     0 | D        | esc the Centaur Berserker began the quest for the Orb.
     0 | D        | Reached XP level 1. HP: 19/19 MP: 1/1
     8 | D        | Reached skill level 3 in Polearms
     8 | D        | Reached skill level 2 in Dodging
     8 | D        | Reached XP level 2. HP: 27/27 MP: 2/2
    32 | D        | Noticed an oklob sapling
    45 | D        | Reached ** piety under Trog
    45 | D        | Reached skill level 4 in Fighting
    45 | D        | Reached skill level 4 in Polearms
    45 | D        | Reached skill level 3 in Dodging
    45 | D        | Reached XP level 3. HP: 19/34 MP: 3/3
    53 | D        | HP: 8/34 [poisoned by a worker ant]
   198 | D        | Killed an oklob sapling
   198 | D        | Reached skill level 5 in Fighting
   203 | D        | Found an opulent altar of Gozag.
   203 | D        | Found a hazy altar of Hepliaklqana.
   203 | D        | Found a burning altar of Makhleb.
   203 | D        | Found a roughly hewn altar of Beogh.
   203 | D        | Found a sparkling altar of Nemelex Xobeh.
   203 | D        | Found a snail-covered altar of Cheibriados.
   203 | D        | Found a sacrificial altar of Ru.
   203 | D        | Found a deep blue altar of Sif Muna.
   203 | D        | Found a shimmering altar of Xom.
   203 | D        | Found a basalt altar of Yredelemnul.
   204 | D        | Found a viscous altar of Jiyva.
   204 | D        | Found a bloodstained altar of Trog.
   204 | D        | Found an ornate altar of the Wu Jian Council.
   204 | D        | Noticed an oklob sapling priest
   306 | D        | Found an iron altar of Okawaru.
   306 | D        | Found a shadowy altar of Dithmenos.
   306 | D        | Found a glowing silver altar of Zin.
   307 | D        | Found an ancient bone altar of Kikubaaqudgha.
   307 | D        | Found a hide-covered altar of Uskayaw.
   308 | D        | Found a stormy altar of Qazlal.
   308 | D        | Found a white marble altar of Elyvilon.
   308 | D        | Found a glowing golden altar of the Shining One.
   309 | D        | Found a corrupted altar of Lugonu.
   309 | D        | Found a radiant altar of Vehumet.
   329 | D        | Killed from afar by an oklob sapling priest

Vault maps used:
D:        dungeon_sprint_fedhas

Skill      XL: |  1  2  3 |
---------------+----------+-----
Polearms       | 3 4 |  4.6
Dodging        | 2 3 |  3.5
Fighting       | 4 5 |  5.2
Armour         | |  1.3

Action                   || total
-------------------------++-------
Melee: Spear             ||    37
       Kick              ||     4
Invok: Berserk           ||     3
 Abil: Evoke Invisibilit ||     2
  Use: Potion            ||     1
 Stab: Invisible         ||     2
  Eat: Bread ration      ||     1
Armor: Animal skin       ||     1
Dodge: Dodged            ||     5

Vault maps used:
D:        dungeon_sprint_fedhas

Table legend:
 A = Turns spent in this place as a percentage of turns spent in the entire game.
 B = Non-inter-level travel turns spent in this place as a percentage of non-inter-level travel turns spent in the entire game.
 C = Inter-level travel turns spent in this place as a percentage of turns spent in this place.
 D = Turns resting spent in this place as a percentage of non-inter-level travel turns spent in this place.
 E = Turns spent auto-exploring this place as a percentage of non-inter-level travel turns spent in this place.
 F = Non-inter-level travel turns spent in this place divided by the number of levels of this place that you've seen.
                   A       B       C       D       E      F
               +-------+-------+-------+-------+-------+----------------------
         Total | 100.0 | 100.0 |   0.0 |  10.7 |   0.0 | 112.0
       Dungeon | 100.0 | 100.0 |   0.0 |  10.7 |   0.0 | 112.0
               +-------+-------+-------+-------+-------+----------------------

Table legend:
 A = Kills in this place as a percentage of kills in entire the game.
 B = Kills by you in this place as a percentage of kills by you in the entire game.
 C = Kills by friends in this place as a percentage of kills by friends in the entire game.
 D = Other kills in this place as a percentage of other kills in the entire game.
 E = Experience gained in this place as a percentage of experience gained in the entire game.
 F = Experience gained in this place divided by the number of levels of this place that you have seen.
                   A       B       C       D       E      F
               +-------+-------+-------+-------+-------+----------------------
         Total | 100.0 | 100.0 |  -nan |  -nan | 100.0 |  87.0
       Dungeon | 100.0 | 100.0 |  -nan |  -nan | 100.0 |  87.0
               +-------+-------+-------+-------+-------+----------------------
